 Dungeon Crawl Stone Soup version 0.21.1-1-g345015f (webtiles) character file.

70 Fang the Skirmisher (level 4, 0/29 HPs)
             Began as a Gargoyle Berserker on June 7, 2018.
             Was a Believer of Trog.
             Slain by a rat (1 damage)
             ... on level 3 of the Dungeon.
             The game lasted 00:01:49 (775 turns).

Fang the Skirmisher (Gargoyle Berserker)             Turns: 775, Time: 00:01:50

Health: 0/29       AC:  5    Str: 21    XL:     4   Next: 21%
Magic:  4/4        EV: 12    Int:  8    God:    Trog [**....]
Gold:   32         SH:  0    Dex:  9    Spells: 3/3 levels left

rFire    . . .     SeeInvis .   a - +0 hand axe
rCold    . . .     Gourm    .   (no shield)
rNeg     + . .     Faith    .   b - +0 animal skin
rPois    ∞         Spirit   .   (no helmet)
rElec    +         Reflect  .   (no cloak)
rCorr    .         Harm     .   (no gloves)
MR       .....                  (no boots)
Stlth    +.........             (no amulet)
HPRegen  0.09/turn              (no ring)
MPRegen  0.09/turn              (no ring)

@: berserk cooldown, slowed, very slow
A: negative energy resistance 1, electricity resistance, unbreathing,
petrification resistance, rot immunity, AC +3
a: Berserk, Trog's Hand, Burn Spellbooks, Renounce Religion


You were on level 3 of the Dungeon.
You worshipped Trog.
Trog was pleased with you.
You were near starving.

You visited 1 branch of the dungeon, and saw 3 of its levels.

You collected 32 gold pieces.

Inventory:

Hand Weapons
 a - a +0 hand axe (weapon)
Armour
 b - a +0 animal skin (worn)
Scrolls
 e - a scroll of remove curse {unknown}
 g - 2 scrolls of identify {unknown}
 h - a scroll of amnesia {unknown}
 i - a scroll of fog {unknown}
Potions
 d - 2 potions of curing {unknown}
 f - a potion of heal wounds {unknown}
 j - a potion of haste {unknown}
Comestibles
 c - 3 rations


   Skills:
 + Level 4.0 Fighting
 + Level 3.6 Axes
 + Level 2.4 Armour
 + Level 2.0 Dodging
 + Level 0.1 Stealth


You had 3 spell levels left.
You didn't know any spells.

Dungeon Overview and Level Annotations

Branches:
Dungeon (1/15)

Altars:
Kikubaaqudgha
Ru


Innate Abilities, Weirdness & Mutations

You are resistant to torment.
Your stone body is resilient. (AC +3)
You are immune to poison.
You resist negative energy. (rN+)
You are resistant to electric shocks. (rElec)
You can survive without breathing.
You are immune to petrification.
You are immune to rotting.


Message History

You hit the rat but do no damage. The orc hits you but does no damage.
The rat closely misses you.
The orc hits you with a short sword of holy wrath.
* * * LOW HITPOINT WARNING * * *
The rat closely misses you.
You hit the orc.
You kill the orc!
Trog accepts your kill.
You closely miss the rat. The rat misses you. The orc priest hits you.
* * * LOW HITPOINT WARNING * * *
An orc comes into view. It is wielding a mace.
Unknown command.
You barely miss the orc priest. You closely miss the rat.
The orc shouts!
You hear a shout!
The rat barely misses you. The orc priest completely misses you.
The rat misses you. The orc priest closely misses you.
You hear a shout! x2
Unknown command.
You closely miss the orc priest. You barely miss the rat. The rat bites you.
You die...

... ###.##
.... #r..
#..# #..# #
#..####..###
#..r@o.o....
#.#####.....
...####.#
###
........#
#########


You could see an orc priest, an orc and a rat.

Vanquished Creatures
  An orc priest (D:3)
  3 dart slugs (D:1)
  2 leopard geckos
  2 orcs (D:3)
  3 bats (D:1)
  4 goblins
  4 hobgoblins (D:1)
  3 jackals (D:1)
  2 frilled lizards
  4 kobolds
  2 rats (D:1)
30 creatures vanquished.

Notes
Turn   | Place    | Note
-------+----------+-------------------------------------------
     0 | D:1      | Fang the Gargoyle Berserker began the quest for the Orb.
     0 | D:1      | Reached XP level 1. HP: 14/14 MP: 1/1
    57 | D:1      | Reached XP level 2. HP: 19/19 MP: 2/2
   434 | D:1      | Reached XP level 3. HP: 24/24 MP: 3/3
   445 | D:1      | Reached ** piety under Trog
   636 | D:1      | You fall through a shaft!
   637 | D:2      | Found a sacrificial altar of Ru.
   637 | D:2      | Found an ancient bone altar of Kikubaaqudgha.
   754 | D:2      | You fall through a shaft!
   764 | D:3      | Reached skill level 4 in Fighting
   764 | D:3      | Reached XP level 4. HP: 29/29 MP: 4/4
   773 | D:3      | HP: 1/29 [orc priest (4)]
   775 | D:3      | Slain by a rat

Skill      XL: |  1  2  3 |
---------------+----------+-----
Axes           | 3 |  3.6
Fighting       | 4 |  4.0
Dodging        | 2 |  2.0
Armour         | |  2.4
Stealth        | |  0.1

Action                   |  1- 3 |  4- 6 || total
-------------------------+-------+-------++-------
Melee: Hand axe          |    74 |    10 ||    84
Invok: Berserk           |     2 |       ||     2
 Stab: Sleeping          |     2 |       ||     2
Armor: Animal skin       |    29 |     2 ||    31
Dodge: Dodged            |    59 |    11 ||    70
